 Dungeon Crawl Stone Soup version 0.20.1-1-g8b1a95d (webtiles) character file.

419 kaze the Chopper (level 6, -7/53 HPs)
             Began as a Hill Orc Fighter on Sept 15, 2017.
             Was a Follower of Trog.
             Killed by divine providence
             ... invoked by an orc priest
              (16 damage)
             ... on level 4 of the Dungeon.
             The game lasted 00:06:10 (3038 turns).

kaze the Chopper (Hill Orc Fighter)                 Turns: 3038, Time: 00:06:12

Health: -7/53      AC: 14    Str: 23 (26) XL:     6   Next: 93%
Magic:  6/6        EV:  4    Int:  7 (8)  God:    Trog [*.....]
Gold:   136        SH: 13    Dex:  7 (10) Spells: 5/5 levels left

rFire    + . .     SeeInvis +   a - +0 war axe
rCold    . . .     Gourm    .   c - +0 shield
rNeg     . . .     Faith    .   i - +0 plate armour {rF+}
rPois    .         Spirit   .   y - +0 helmet
rElec    .         Reflect  .   v - +0 cloak
rCorr    .         Harm     .   (no gloves)
MR       .....     Rnd*Rage +   (no boots)
Stlth    ..........             (no amulet)
Regen    0.2/turn               (no ring)
MPRegen  0.1/turn               (no ring)

@: mighty
A: talons 1, large bone plates 1, see invisible, berserk 1
a: Berserk, Burn Spellbooks, Renounce Religion, Convert to Beogh


You were on level 4 of the Dungeon.
You worshipped Trog.
Trog was aware of your devotion.
You were not hungry.

You visited 1 branch of the dungeon, and saw 4 of its levels.

You collected 136 gold pieces.

Inventory:

Hand Weapons
 a - a +0 war axe (weapon)
Armour
 c - a +0 shield (worn)
 i - a +0 plate armour of fire resistance (worn)
 v - a +0 cloak (worn)
 y - a +0 helmet (worn)
 C - a +0 plate armour
Scrolls
 g - 2 scrolls of enchant armour {unknown}
 h - 7 scrolls of identify {unknown}
 l - 2 scrolls of remove curse {unknown}
 p - 2 scrolls of enchant weapon {unknown}
 q - 2 scrolls of amnesia {unknown}
 s - a scroll of fear {unknown}
 w - a scroll of immolation {unknown}
 z - 2 scrolls of fog {unknown}
 A - a scroll of teleportation {unknown}
Potions
 b - a potion of curing
 e - 5 potions of lignification
 f - a potion of haste
 k - a potion of heal wounds
 m - a potion of agility
 o - a potion of resistance
 u - a potion of flight
Comestibles
 j - a meat ration
 t - 2 royal jellies
 x - a bread ration


   Skills:
 + Level 4.4 Fighting
 + Level 6.1 Axes
 + Level 5.0 Armour
 + Level 0.8 Dodging
 + Level 0.3 Stealth
 + Level 4.7 Shields


You had 5 spell levels left.
You didn't know any spells.

Dungeon Overview and Level Annotations

Branches:
Dungeon (4/15)
 Temple: D:4-7

Altars:
Trog

Annotations:
D:4 Edmund; NoNouf's ghost, amateur OpIE


Innate Abilities, Weirdness & Mutations

You have sharp toenails.
You are partially covered in large bone plates. (SH +4)
You have supernaturally acute eyesight. (SInv)
You tend to lose your temper in combat.


Message History

NoNouf's ghost hits you but does no damage.
The orc priest calls down the wrath of Beogh upon you.
Beogh smites you! You block NoNouf's ghost's attack.
The orc priest threatens, "By the altar or by the axe, you will meet Beogh!"
You hit NoNouf's ghost. You claw NoNouf's ghost.
NoNouf's ghost is moderately damaged.
NoNouf's ghost casts a spell at you.
You are frozen.
* * * LOW HITPOINT WARNING * * *
You completely miss NoNouf's ghost.
NoNouf's ghost is moderately damaged.
You block NoNouf's ghost's attack.
You barely miss NoNouf's ghost.
The orc priest shouts, "Beogh is our master!
Accept the truth or die!"
You claw NoNouf's ghost!
NoNouf's ghost is moderately damaged.
You block NoNouf's ghost's attack.
The orc priest mumbles some strange prayers to Beogh against you.
Beogh smites you!
You die...

#.#.# #.# #.#.# ###
#.# #.#.. ..# #.# #.#
#[# #.. .#..... .#
#.# ### ....<.. . #.#
.#...>.#. #.#
......... #.# ..
#.......# #@# #..
#..$...)# #W# #..
......†.####o### #.#
#........@..@o.# #.#
#.....#..o##.#.# #.#
..#..........#.####.#
#######...........#
######.####.# #.# #.#


You could see Edmund, an orc priest, NoNouf's ghost and an orc.

Vanquished Creatures
  An orc priest (D:4)
  An orc wizard (D:4)
  Natasha (thrice) (D:3)
  2 worker ants (D:4)
  4 gnolls (D:3)
  9 adders
  An adder skeleton (D:4)
  2 dart slugs (D:2)
  2 worms (D:2)
  7 leopard geckos
  11 orcs
  2 ball pythons
  11 bats
  5 giant cockroaches
  6 goblins
  4 hobgoblins
  3 jackals (D:2)
  4 quokkas
  5 frilled lizards
  11 kobolds
  8 rats
102 creatures vanquished.

Notes
Turn   | Place    | Note
-------+----------+-------------------------------------------
     0 | D:1      | kaze the Hill Orc Fighter began the quest for the Orb.
     0 | D:1      | Reached XP level 1. HP: 19/19 MP: 1/1
   180 | D:1      | Reached XP level 2. HP: 19/27 MP: 2/2
   428 | D:1      | Reached skill level 3 in Axes
   798 | D:2      | Reached XP level 3. HP: 33/33 MP: 3/3
   907 | D:2      | Reached XP level 4. HP: 26/40 MP: 4/4
   918 | D:2      | Reached skill level 4 in Axes
  1610 | D:3      | Found a bloodstained altar of Trog.
  1635 | D:3      | Reached XP level 5. HP: 36/46 MP: 5/5
  1676 | D:3      | Became a worshipper of Trog the Wrathful
  2184 | D:3      | Noticed Natasha
  2193 | D:3      | Killed Natasha
  2207 | D:3      | Reached skill level 5 in Axes
  2309 | D:3      | Reached XP level 6. HP: 46/53 MP: 6/6
  2464 | D:3      | Noticed Natasha
  2468 | D:3      | Killed Natasha
  2476 | D:3      | Noticed Natasha
  2482 | D:3      | Killed Natasha
  2482 | D:3      | Reached * piety under Trog
  2717 | D:4      | Reached skill level 5 in Armour
  2740 | D:4      | Gained mutation: You tend to lose your temper in combat. [potion of mutation]
  2740 | D:4      | Gained mutation: You have supernaturally acute eyesight. (SInv) [potion of mutation]
  2740 | D:4      | Gained mutation: You are partially covered in large bone plates. (SH +4) [potion of mutation]
  2740 | D:4      | Gained mutation: You have sharp toenails. [potion of mutation]
  2802 | D:4      | Reached skill level 6 in Axes
  3014 | D:4      | Noticed NoNouf's ghost (amateur OpIE)
  3015 | D:4      | Noticed Edmund
  3038 | D:4      | Killed from afar by an orc priest

Skill      XL: |  1  2  3  4  5  6 |
---------------+-------------------+-----
Axes           | 3 4 5 6 |  6.1
Armour         | 4 5 |  5.0
Fighting       | 4 |  4.4
Shields        | 4 |  4.7
Dodging        | |  0.8
Stealth        | |  0.3

Action                   |  1- 3 |  4- 6 || total
-------------------------+-------+-------++-------
Melee: War axe           |   104 |   239 ||   343
       Kick              |       |     6 ||     6
  Use: Potion            |       |    11 ||    11
  Eat: Chunk             |       |     3 ||     3
       Bread ration      |       |     1 ||     1
Armor: Scale mail        |    42 |    93 ||   135
       Plate armour      |       |    13 ||    13
Dodge: Dodged            |    31 |    68 ||    99
Block: Shield            |    73 |   139 ||   212
